WCHLSIM.com - West Coast Hockey League
html PUBLIC "-//W3C//DTD XHTML 1.0 Transitional//EN" "http://www.w3.org/TR/xhtml1/DTD/xhtml1-transitional.dtd"> WCHL - Game 1151 - SAN DIEGO THUNDER vs PHOENIX MUSTANGS

SAN DIEGO THUNDER vs PHOENIX MUSTANGS

Created - 2 avril 2024 at 21:01

Goals
1 2 3 OT1 T
SAN DIEGO THUNDER 1 1 1 1 4
PHOENIX MUSTANGS 2 1 0 0 3
Shots
1 2 3 OT1 T
SAN DIEGO THUNDER 8 7 6 1 22
PHOENIX MUSTANGS 13 16 5 1 35

1st period

1. PHOENIX MUSTANGS , Taylor Hall 13 (John Klingberg 14, Conor Sheary 20) at 8:45 (PP)
2. SAN DIEGO THUNDER , Adam Boqvist 3 (Eetu Luostarinen 15, Drake Batherson 29) at 18:09
3. PHOENIX MUSTANGS , Conor Garland 18 (John Klingberg 15, Juuso Parssinen 6) at 18:46

Penalties :
Jesper Fast (PHX) for Hooking (Minor) at 1:02, Derek Forbort (SDG) for Holding Stick (Minor) at 1:02, Connor Murphy (SDG) for Hooking (Minor) at 7:15

2nd period

4. PHOENIX MUSTANGS , Taylor Hall 14 (Andreas Athanasiou 17) at 3:47
5. SAN DIEGO THUNDER , Radek Faksa 9 (Luke Kunin 7, Connor Murphy 14) at 4:49

Penalties :
Matt Irwin (PHX) for Roughing (Minor) at 8:09, Erik Cernak (SDG) for Tripping (Minor) at 11:17, Dmitri Voronkov (SDG) for Boarding (Minor) at 14:21

3rd period

6. SAN DIEGO THUNDER , Radek Faksa 10 (Isac Lundestrom 11, Charles McAvoy 43) at 6:27

Penalties :
Ilya Lyubushkin (PHX) for Interference (Minor) at 3:28, Charles McAvoy (SDG) for Hooking (Minor) at 9:49, Nicklaus Perbix (SDG) for Slashing (Minor) at 19:05

Overtime #1

7. SAN DIEGO THUNDER , Eetu Luostarinen 12 (Connor Murphy 15) at 1:06

Penalties :
No Penalty

Goalie Stats

Connor Hellebuyck (SDG), 32 saves from 35 shots - (0,914), W, 24-30-7, 61:07 minutes
Jake Allen (PHX), 18 saves from 22 shots - (0,818), OTL, 17-29-4, 61:07 minutes

Players Stats for SAN DIEGO THUNDER

Player Name              G  A  P  +/- PIM S  H  SB GA TA FO     MP     PP MP  PK MP  
------------------------------------------------------------------------------------
Adam Boqvist             1  0  1   1  0   2  1  0  0  0  0/0    14:55   0:00   1:27 
Charles McAvoy           0  1  1   1  2   0  0  2  0  0  0/0    23:42   1:41   5:28 
Connor Murphy            0  2  2   0  2   1  3  2  0  0  0/0    23:43   2:17   4:23 
Derek Forbort            0  0  0   0  2   0  1  1  0  0  0/0    23:24   2:17   3:11 
Dmitri Voronkov          0  0  0  -1  2   3  4  0  0  0  6/10   18:00   2:15   3:48 
Drake Batherson          0  1  1   1  0   2  2  0  0  0  0/4    19:46   2:15   0:14 
Eetu Luostarinen         1  1  2   0  0   3  2  0  0  0  15/29  18:12   0:00   2:01 
Erik Cernak              0  0  0   0  2   1  2  2  0  0  0/0    23:40   1:41   4:19 
Filip Zadina             0  0  0  -1  0   0  0  0  0  0  0/2    13:41   1:43   0:00 
Isac Lundestrom          0  1  1   2  0   1  0  0  0  0  0/1    18:32   1:43   5:20 
Joel Armia               0  0  0   0  0   0  0  0  0  0  0/1     7:08   0:00   0:00 
Joel Farabee             0  0  0   1  0   0  4  1  0  0  1/7    22:46   2:15   3:23 
Luke Kunin               0  1  1   2  0   2  1  0  0  0  0/1    10:25   0:00   0:00 
Mark Kastelic            0  0  0   0  0   0  2  0  0  0  4/6     7:08   0:00   0:00 
Nicklaus Perbix          0  0  0   1  2   0  2  0  0  0  0/0    12:43   0:00   0:04 
Radek Faksa              2  0  2   2  0   4  0  0  0  0  10/12  10:25   0:00   0:00 
Steven Lorentz           0  0  0   0  0   3  0  0  0  0  0/0     7:08   0:00   0:00 
Wyatt Johnston           0  0  0  -1  0   0  0  0  0  0  3/16   17:37   1:43   3:01 

Players Stats for PHOENIX MUSTANGS

Player Name              G  A  P  +/- PIM S  H  SB GA TA FO     MP     PP MP  PK MP  
------------------------------------------------------------------------------------
Alex Barre-Boulet        0  0  0   0  0   0  1  0  0  0  0/0     5:24   0:00   0:36 
Andreas Athanasiou       0  1  1  -1  0   2  0  0  0  0  18/25  22:49   3:45   1:22 
Arthur Kaliyev           0  0  0  -2  0   2  2  0  0  0  0/1    11:09   0:00   0:00 
Chris Terry              0  0  0  -2  0   1  0  0  0  0  1/2    12:43   0:00   0:38 
Christian Fischer        0  0  0   0  0   0  0  0  0  0  0/0     4:48   0:00   0:00 
Conor Garland            1  0  1   1  0   4  0  0  0  0  1/1    17:47   4:36   0:00 
Conor Sheary             0  1  1   0  0   3  0  1  0  0  0/2    24:15   3:45   1:58 
Gavin Bayreuther         0  0  0  -1  0   1  1  1  0  0  0/0    20:19   4:37   1:51 
Ilya Lyubushkin          0  0  0  -3  2   1  1  3  0  0  0/0    22:03   4:37   0:27 
Jesper Fast              0  0  0   0  2   3  2  0  0  0  1/3    19:22   4:36   1:24 
John Klingberg           0  2  2  -1  0   3  0  1  0  0  0/0    24:09   3:44   2:17 
Jonathan Miller          0  0  0   0  0   0  0  0  0  0  2/4     4:48   0:00   0:00 
Juuso Parssinen          0  1  1   1  0   4  1  0  0  0  18/33  17:47   4:36   0:00 
Matt Irwin               0  0  0   1  2   1  1  1  0  0  0/0    17:52   3:44   0:26 
Mike Sgarbossa           0  0  0  -2  0   1  0  0  0  0  3/10   11:09   0:00   0:00 
T.J. Brodie              0  0  0   1  0   0  1  2  0  0  0/0    17:54   0:00   1:07 
Taylor Hall              2  0  2   0  0   9  1  0  0  0  6/8    24:52   3:45   1:58 
Xavier Ouellet           0  0  0   0  0   0  2  0  0  0  0/0    19:16   0:00   1:48 

3 Stars

1 - Radek Faksa (SDG)
2 - Taylor Hall (PHX)
3 - Eetu Luostarinen (SDG)

Power Play

SAN DIEGO THUNDER - 0 on 2 Attempt(s) - 0,00%
PHOENIX MUSTANGS - 1 on 5 Attempt(s) - 20,00%

Penalty Kill

SAN DIEGO THUNDER - 4 on 5 Attempt(s) - 80,00% - Score 0 goal in Penalty Kill
PHOENIX MUSTANGS - 2 on 2 Attempt(s) - 100,00% - Score 0 goal in Penalty Kill

Team Stat

SAN DIEGO THUNDER - Hits : 24 - Faceoff Wins : 39 - Blocked Shots : 8 - Penalty Minutes : 12
PHOENIX MUSTANGS - Hits : 13 - Faceoff Wins : 50 - Blocked Shots : 9 - Penalty Minutes : 6

Official

Referees : Francois St-Laurent and Ghislain Hebert
Linesman : Libor Suchanek and Ken Bonham

Game Notes

No Game Note

Finance

Level 1 -- Attendance: 5013 (77,12%) -- Ticket Income 877 275 $
Level 2 -- Attendance: 5551 (94,89%) -- Ticket Income 610 610 $
Level 3 -- Attendance: 1983 (66,10%) -- Ticket Income 198 300 $
Level 4 -- Attendance: 3522 (88,05%) -- Ticket Income 264 150 $
Luxury Box -- Attendance: 764 (76,40%) -- Ticket Income 267 400 $
Game was played at the Mustangs Palace.
Total Attendance: 16833 (82,72%)
Total Ticket Income: 2 217 735 $
Other Expense: 22 177 $
Total Income: 2 195 558 $

SAN DIEGO THUNDER

5 vs 5 Forward 
   Center                   Left Wing                Right Wing               Time % Phy DF OF 
 1 Eetu Luostarinen         Joel Farabee             Drake Batherson          36     3   1  1  
 2 Wyatt Johnston           Dmitri Voronkov          Filip Zadina             31     3   1  1  
 3 Radek Faksa              Isac Lundestrom          Luke Kunin               23     2   2  1  
 4 Mark Kastelic            Steven Lorentz           Joel Armia               10     3   1  1  

5 vs 5 Defense 
   Defense                  Defense                                           Time % Phy DF OF 
 1 Charles McAvoy           Erik Cernak                                       38     2   2  1  
 2 Connor Murphy            Derek Forbort                                     32     2   2  1  
 3 Adam Boqvist             Nicklaus Perbix                                   20     2   2  1  
 4 Derek Forbort            Erik Cernak                                       10     2   2  1  

PowerPlay Forward 
   Center                   Left Wing                Right Wing               Time % Phy DF OF 
 1 Drake Batherson          Dmitri Voronkov          Joel Farabee             55     0   1  4  
 2 Wyatt Johnston           Isac Lundestrom          Filip Zadina             45     0   1  4  

PowerPlay Defense
   Defense                  Defense                                           Time % Phy DF OF 
 1 Charles McAvoy           Erik Cernak                                       55     1   2  2  
 2 Connor Murphy            Derek Forbort                                     45     1   2  2  

Penalty Kill 4 Players Forward 
   Center                   Wing                     Time % Phy DF OF 
 1 Dmitri Voronkov          Isac Lundestrom          55     1   2  2  
 2 Joel Farabee             Wyatt Johnston           45     1   2  2  

Penalty Kill 4 Players Defense
   Defense                  Defense                  Time % Phy DF OF 
 1 Charles McAvoy           Erik Cernak              55     1   2  2  
 2 Connor Murphy            Derek Forbort            45     1   2  2  

Penalty Kill - 3 Players Forward 
   Forward                                           Time % Phy DF OF 
 1 Eetu Luostarinen                                  55     1   2  2  
 2 Joel Farabee                                      45     1   2  2  

Penalty Kill - 3 Players Defense
   Defense                  Defense                  Time % Phy DF OF 
 1 Charles McAvoy           Erik Cernak              55     1   2  2  
 2 Connor Murphy            Derek Forbort            45     1   2  2  

4 vs 4 Forward 
   Center                   Wing                     Time % Phy DF OF 
 1 Drake Batherson          Isac Lundestrom          55     1   2  2  
 2 Joel Farabee             Wyatt Johnston           45     1   2  2  

4 vs 4 Defense
   Defense                  Defense                  Time % Phy DF OF 
 1 Charles McAvoy           Erik Cernak              55     1   2  2  
 2 Connor Murphy            Derek Forbort            45     1   2  2  

Last Minutes Offensive
   Center                   Left Wing                Right Wing               Defense                  Defense                  
   Drake Batherson          Dmitri Voronkov          Joel Farabee             Charles McAvoy           Erik Cernak              

Last Minutes Defensive
   Center                   Left Wing                Right Wing               Defense                  Defense                  
   Drake Batherson          Dmitri Voronkov          Joel Farabee             Charles McAvoy           Erik Cernak              

Goaltenders
Starting : Connor Hellebuyck        
Backup : Akira Schmid             

Extra Forwards
Normal : Mark Kastelic, Drake Batherson, Eetu Luostarinen - PP : Mark Kastelic, Joel Farabee - PK : Eetu Luostarinen
Extra Defensemen
Normal : Adam Boqvist, Charles McAvoy, Connor Murphy - PP : Adam Boqvist - PK : Charles McAvoy, Connor Murphy
Penalty Shots
Drake Batherson, Eetu Luostarinen, Joel Farabee, Wyatt Johnston, Isac Lundestrom
Custom OT Lines Forwards
Drake Batherson, Eetu Luostarinen, Joel Farabee, Wyatt Johnston, Isac Lundestrom, Radek Faksa, Dmitri Voronkov, Filip Zadina, Joel Armia, Mark Kastelic
Custom OT Lines Defensemen
Charles McAvoy, Erik Cernak, Connor Murphy, Derek Forbort, Adam Boqvist

Scratches
None

PHOENIX MUSTANGS

5 vs 5 Forward 
   Center                   Left Wing                Right Wing               Time % Phy DF OF 
 1 Andreas Athanasiou       Taylor Hall              Conor Sheary             36     1   2  2  
 2 Juuso Parssinen          Conor Garland            Jesper Fast              31     1   2  2  
 3 Mike Sgarbossa           Chris Terry              Arthur Kaliyev           23     1   2  2  
 4 Jonathan Miller          Alex Barre-Boulet        Christian Fischer        10     1   2  2  

5 vs 5 Defense 
   Defense                  Defense                                           Time % Phy DF OF 
 1 Matt Irwin               John Klingberg                                    36     1   2  2  
 2 Ilya Lyubushkin          Gavin Bayreuther                                  31     1   2  2  
 3 T.J. Brodie              Xavier Ouellet                                    23     1   2  2  
 4 Ilya Lyubushkin          John Klingberg                                    10     1   2  2  

PowerPlay Forward 
   Center                   Left Wing                Right Wing               Time % Phy DF OF 
 1 Andreas Athanasiou       Taylor Hall              Conor Sheary             55     1   2  2  
 2 Juuso Parssinen          Conor Garland            Jesper Fast              45     1   2  2  

PowerPlay Defense
   Defense                  Defense                                           Time % Phy DF OF 
 1 Matt Irwin               John Klingberg                                    55     1   2  2  
 2 Ilya Lyubushkin          Gavin Bayreuther                                  45     1   2  2  

Penalty Kill 4 Players Forward 
   Center                   Wing                     Time % Phy DF OF 
 1 Taylor Hall              Conor Sheary             55     1   2  2  
 2 Andreas Athanasiou       Jesper Fast              45     1   2  2  

Penalty Kill 4 Players Defense
   Defense                  Defense                  Time % Phy DF OF 
 1 Matt Irwin               John Klingberg           55     1   2  2  
 2 Ilya Lyubushkin          Gavin Bayreuther         45     1   2  2  

Penalty Kill - 3 Players Forward 
   Forward                                           Time % Phy DF OF 
 1 Taylor Hall                                       55     1   2  2  
 2 Conor Sheary                                      45     1   2  2  

Penalty Kill - 3 Players Defense
   Defense                  Defense                  Time % Phy DF OF 
 1 Matt Irwin               John Klingberg           55     1   2  2  
 2 Ilya Lyubushkin          Gavin Bayreuther         45     1   2  2  

4 vs 4 Forward 
   Center                   Wing                     Time % Phy DF OF 
 1 Taylor Hall              Conor Sheary             55     1   2  2  
 2 Andreas Athanasiou       Jesper Fast              45     1   2  2  

4 vs 4 Defense
   Defense                  Defense                  Time % Phy DF OF 
 1 Xavier Ouellet           John Klingberg           55     1   2  2  
 2 Ilya Lyubushkin          Gavin Bayreuther         45     1   2  2  

Last Minutes Offensive
   Center                   Left Wing                Right Wing               Defense                  Defense                  
   Andreas Athanasiou       Taylor Hall              Conor Sheary             Matt Irwin               John Klingberg           

Last Minutes Defensive
   Center                   Left Wing                Right Wing               Defense                  Defense                  
   Andreas Athanasiou       Taylor Hall              Conor Sheary             Matt Irwin               John Klingberg           

Goaltenders
Starting : Jake Allen               
Backup : Anton Forsberg           

Extra Forwards
Normal : Conor Sheary, Taylor Hall, Chris Terry - PP : Taylor Hall, Conor Sheary - PK : Chris Terry
Extra Defensemen
Normal : John Klingberg, Xavier Ouellet, Ilya Lyubushkin - PP : Ilya Lyubushkin - PK : Xavier Ouellet, Ilya Lyubushkin
Penalty Shots
Taylor Hall, Conor Sheary, Andreas Athanasiou, Jesper Fast, Juuso Parssinen
Custom OT Lines Forwards
Taylor Hall, Conor Sheary, Andreas Athanasiou, Jesper Fast, Juuso Parssinen, Conor Garland, Christian Fischer, Chris Terry, Arthur Kaliyev, Jonathan Miller
Custom OT Lines Defensemen
Xavier Ouellet, John Klingberg, Ilya Lyubushkin, Gavin Bayreuther, Matt Irwin

Scratches
Adam Ruzicka (Separated Right Shoulder Injury), Laurent Dauphin (Healthy), Jeff Petry (Separated Right Shoulder Injury), Tyler Wotherspoon (Left Hand Injury)

% Time on Ice - SAN DIEGO THUNDER

Lines # - Real PCT - Wanted PCT - Time Play
Normal Forward
1 - 35% - 36% - 16:11
2 - 26% - 31% - 11:58
3 - 23% - 23% - 10:25
4 - 16% - 10% - 7:08
Normal Defense
1 - 34% - 38% - 15:21
2 - 35% - 32% - 16:09
3 - 28% - 20% - 12:40
4 - 3% - 10% - 1:32
PP Forward
1 - 57% - 55% - 2:15
2 - 43% - 45% - 1:43
PP Defense
1 - 42% - 55% - 1:41
2 - 58% - 45% - 2:17
PK Forward
1 - 64% - 55% - 5:20
2 - 36% - 45% - 3:01
PK Defense
1 - 75% - 55% - 6:15
2 - 25% - 45% - 2:06
PK3 Forward
1 - 66% - 55% - 0:43
2 - 34% - 45% - 0:22
PK3 Defense
1 - 48% - 55% - 0:31
2 - 52% - 45% - 0:34
44 Forward
1 - 54% - 55% - 1:04
2 - 46% - 45% - 0:55
44 Defense
1 - 54% - 55% - 1:04
2 - 46% - 45% - 0:55
Last Minute Offensive  - 0:00
Last Minute Defensive  - 0:00
Total
Forward - 61:05
Defense - 61:05

% Time on Ice - PHOENIX MUSTANGS

Lines # - Real PCT - Wanted PCT - Time Play
Normal Forward
1 - 36% - 36% - 16:34
2 - 29% - 31% - 13:11
3 - 24% - 23% - 11:09
4 - 11% - 10% - 4:48
Normal Defense
1 - 31% - 36% - 14:20
2 - 26% - 31% - 12:06
3 - 35% - 23% - 16:07
4 - 7% - 10% - 3:09
PP Forward
1 - 45% - 55% - 3:45
2 - 55% - 45% - 4:36
PP Defense
1 - 45% - 55% - 3:44
2 - 55% - 45% - 4:37
PK Forward
1 - 65% - 55% - 2:34
2 - 35% - 45% - 1:24
PK Defense
1 - 61% - 55% - 2:25
2 - 39% - 45% - 1:33
PK3 Forward
1 - 0% - 55%
2 - 0% - 45%
PK3 Defense
1 - 0% - 55%
2 - 0% - 45%
44 Forward
1 - 64% - 55% - 1:58
2 - 36% - 45% - 1:06
44 Defense
1 - 43% - 55% - 1:19
2 - 57% - 45% - 1:45
Last Minute Offensive  - 0:00
Last Minute Defensive  - 0:00
Total
Forward - 61:05
Defense - 61:05

Play-by-Play

1st period


0:01 of 1st period - Andreas Athanasiou wins face-off versus Eetu Luostarinen in neutral zone.
0:01 of 1st period - Taylor Hall is hit by Joel Farabee and loses puck.
0:16 of 1st period - Shot by Taylor Hall.
0:16 of 1st period - Stopped by Connor Hellebuyck without a rebound.
0:17 of 1st period - Wyatt Johnston wins face-off versus Juuso Parssinen in SAN DIEGO THUNDER zone.
0:24 of 1st period - Shot by Juuso Parssinen.
0:24 of 1st period - Stopped by Connor Hellebuyck without a rebound.
0:25 of 1st period - Radek Faksa wins face-off versus Mike Sgarbossa in SAN DIEGO THUNDER zone.
0:30 of 1st period - Shot by Luke Kunin.
0:30 of 1st period - Deflect By Radek Faksa.
0:30 of 1st period - Stopped by Jake Allen with a rebound.
0:56 of 1st period - Shot by Adam Boqvist.
0:56 of 1st period - Stopped by Jake Allen without a rebound.
0:57 of 1st period - Juuso Parssinen wins face-off versus Wyatt Johnston in PHOENIX MUSTANGS zone.
0:57 of 1st period - Juuso Parssinen is hit by Dmitri Voronkov.
1:02 of 1st period - Minor Penalty to Jesper Fast for Hooking.
1:02 of 1st period - Minor Penalty to Derek Forbort for Holding Stick.
1:03 of 1st period - Taylor Hall wins face-off versus Drake Batherson in SAN DIEGO THUNDER zone.
1:36 of 1st period - Shot by Taylor Hall.
1:36 of 1st period - Shot Hit the Post.
1:38 of 1st period - Shot by Taylor Hall.
1:38 of 1st period - Stopped by Connor Hellebuyck without a rebound.
1:39 of 1st period - Andreas Athanasiou wins face-off versus Joel Farabee in SAN DIEGO THUNDER zone.
2:00 of 1st period - Shot by Andreas Athanasiou.
2:00 of 1st period - Deflect By Chris Terry.
2:00 of 1st period - Stopped by Connor Hellebuyck with a rebound.
2:17 of 1st period - Wyatt Johnston is hit by Xavier Ouellet and loses puck.
2:54 of 1st period - Shot by Conor Sheary.
2:54 of 1st period - Stopped by Connor Hellebuyck without a rebound.
2:55 of 1st period - Taylor Hall wins face-off versus Joel Farabee in SAN DIEGO THUNDER zone.
3:07 of 1st period - Icing by Erik Cernak.
3:08 of 1st period - Mark Kastelic wins face-off versus Juuso Parssinen in SAN DIEGO THUNDER zone.
3:44 of 1st period - Icing by John Klingberg.
3:45 of 1st period - Eetu Luostarinen wins face-off versus Juuso Parssinen in PHOENIX MUSTANGS zone.
4:04 of 1st period - Icing by Jesper Fast.
4:05 of 1st period - Juuso Parssinen wins face-off versus Wyatt Johnston in PHOENIX MUSTANGS zone.
4:05 of 1st period - Juuso Parssinen is hit by Dmitri Voronkov.
4:29 of 1st period - Shot by Dmitri Voronkov.
4:29 of 1st period - Shot Blocked by Gavin Bayreuther.
4:45 of 1st period - Shot by Taylor Hall.
4:45 of 1st period - Shot Misses the Net.
4:47 of 1st period - Shot by Ilya Lyubushkin.
4:47 of 1st period - Stopped by Connor Hellebuyck without a rebound.
4:48 of 1st period - Eetu Luostarinen wins face-off versus Mike Sgarbossa in SAN DIEGO THUNDER zone.
4:48 of 1st period - Eetu Luostarinen is hit by Arthur Kaliyev.
6:24 of 1st period - Shot by Taylor Hall.
6:24 of 1st period - Shot Misses the Net.
7:07 of 1st period - Derek Forbort is hit by Alex Barre-Boulet and loses puck.
7:15 of 1st period - Minor Penalty to Connor Murphy for Hooking.
7:16 of 1st period - Juuso Parssinen wins face-off versus Joel Farabee in SAN DIEGO THUNDER zone.
7:23 of 1st period - Shot by Juuso Parssinen.
7:23 of 1st period - Deflect By Conor Garland.
7:23 of 1st period - Stopped by Connor Hellebuyck without a rebound.
7:24 of 1st period - Dmitri Voronkov wins face-off versus Juuso Parssinen in SAN DIEGO THUNDER zone.
7:37 of 1st period - Shot by Conor Garland.
7:37 of 1st period - Shot Misses the Net.
7:39 of 1st period - Shot by Juuso Parssinen.
7:39 of 1st period - Shot Blocked by Charles McAvoy.
8:10 of 1st period - Icing by Matt Irwin.
8:11 of 1st period - Joel Farabee wins face-off versus Conor Sheary in PHOENIX MUSTANGS zone.
8:23 of 1st period - Shot by John Klingberg.
8:23 of 1st period - Stopped by Connor Hellebuyck without a rebound.
8:24 of 1st period - Andreas Athanasiou wins face-off versus Joel Farabee in SAN DIEGO THUNDER zone.
8:43 of 1st period - Shot by Conor Sheary.
8:43 of 1st period - Shot Misses the Net.
8:45 of 1st period - Shot by John Klingberg.
8:45 of 1st period - Deflect By Taylor Hall.
8:45 of 1st period - Goal by Taylor Hall - SAN DIEGO THUNDER : 0 - PHOENIX MUSTANGS : 1.
8:46 of 1st period - Mark Kastelic wins face-off versus Juuso Parssinen in neutral zone.
8:51 of 1st period - Jesper Fast is hit by Mark Kastelic.
8:57 of 1st period - Shot by Conor Garland.
8:57 of 1st period - Shot Misses the Net.
9:53 of 1st period - Shot by Joel Farabee.
9:53 of 1st period - Shot Misses the Net.
10:38 of 1st period - Icing by Gavin Bayreuther.
10:39 of 1st period - Radek Faksa wins face-off versus Andreas Athanasiou in PHOENIX MUSTANGS zone.
10:48 of 1st period - Shot by Luke Kunin.
10:48 of 1st period - Stopped by Jake Allen without a rebound.
10:49 of 1st period - Juuso Parssinen wins face-off versus Filip Zadina in PHOENIX MUSTANGS zone.
11:26 of 1st period - Dmitri Voronkov is hit by Matt Irwin and loses puck.
11:58 of 1st period - Shot by Drake Batherson.
11:58 of 1st period - Stopped by Jake Allen with a rebound.
12:14 of 1st period - Off-side.
12:15 of 1st period - Jonathan Miller wins face-off versus Radek Faksa in neutral zone.
12:32 of 1st period - Shot by Jonathan Miller.
12:32 of 1st period - Shot Misses the Net.
14:02 of 1st period - Shot by Joel Farabee.
14:02 of 1st period - Shot Misses the Net.
14:04 of 1st period - Shot by Eetu Luostarinen.
14:04 of 1st period - Shot Misses the Net.
15:12 of 1st period - Shot by Steven Lorentz.
15:12 of 1st period - Stopped by Jake Allen without a rebound.
15:13 of 1st period - Mark Kastelic wins face-off versus Juuso Parssinen in PHOENIX MUSTANGS zone.
16:38 of 1st period - Ilya Lyubushkin is hit by Joel Farabee and loses puck.
16:55 of 1st period - Shot by Dmitri Voronkov.
16:55 of 1st period - Stopped by Jake Allen without a rebound.
16:56 of 1st period - Jonathan Miller wins face-off versus Luke Kunin in PHOENIX MUSTANGS zone.
17:00 of 1st period - Christian Fischer is hit by Nicklaus Perbix and loses puck.
17:13 of 1st period - Shot by Isac Lundestrom.
17:13 of 1st period - Stopped by Jake Allen without a rebound.
17:14 of 1st period - Mike Sgarbossa wins face-off versus Wyatt Johnston in PHOENIX MUSTANGS zone.
17:33 of 1st period - Wyatt Johnston is hit by Ilya Lyubushkin and loses puck.
17:42 of 1st period - Shot by Dmitri Voronkov.
17:42 of 1st period - Shot Misses the Net.
17:44 of 1st period - Shot by Derek Forbort.
17:44 of 1st period - Shot Misses the Net.
17:54 of 1st period - Shot by Dmitri Voronkov.
17:54 of 1st period - Shot Misses the Net.
18:01 of 1st period - Icing by Ilya Lyubushkin.
18:02 of 1st period - Eetu Luostarinen wins face-off versus Mike Sgarbossa in PHOENIX MUSTANGS zone.
18:07 of 1st period - Shot by Eetu Luostarinen.
18:07 of 1st period - Shot Misses the Net.
18:09 of 1st period - Shot by Adam Boqvist.
18:09 of 1st period - Goal by Adam Boqvist - SAN DIEGO THUNDER : 1 - PHOENIX MUSTANGS : 1.
18:10 of 1st period - Eetu Luostarinen wins face-off versus Andreas Athanasiou in neutral zone.
18:14 of 1st period - Icing by T.J. Brodie.
18:15 of 1st period - Andreas Athanasiou wins face-off versus Eetu Luostarinen in PHOENIX MUSTANGS zone.
18:29 of 1st period - Charles McAvoy is hit by Taylor Hall and loses puck.
18:38 of 1st period - Shot by Taylor Hall.
18:38 of 1st period - Stopped by Connor Hellebuyck without a rebound.
18:39 of 1st period - Juuso Parssinen wins face-off versus Wyatt Johnston in SAN DIEGO THUNDER zone.
18:39 of 1st period - John Klingberg is hit by Connor Murphy and loses puck.
18:42 of 1st period - Shot by Conor Garland.
18:42 of 1st period - Deflect By Juuso Parssinen.
18:42 of 1st period - Stopped by Connor Hellebuyck without a rebound.
18:43 of 1st period - Juuso Parssinen wins face-off versus Wyatt Johnston in SAN DIEGO THUNDER zone.
18:46 of 1st period - Shot by Conor Garland.
18:46 of 1st period - Goal by Conor Garland - SAN DIEGO THUNDER : 1 - PHOENIX MUSTANGS : 2.
18:47 of 1st period - Juuso Parssinen wins face-off versus Eetu Luostarinen in neutral zone.
18:54 of 1st period - Shot by Conor Garland.
18:54 of 1st period - Shot Blocked by Joel Farabee.
18:56 of 1st period - Shot by Jesper Fast.
18:56 of 1st period - Shot Misses the Net.
18:58 of 1st period - Shot by Matt Irwin.
18:58 of 1st period - Stopped by Connor Hellebuyck without a rebound.
18:59 of 1st period - Andreas Athanasiou wins face-off versus Wyatt Johnston in SAN DIEGO THUNDER zone.
19:02 of 1st period - Shot by Taylor Hall.
19:02 of 1st period - Shot Misses the Net.
19:15 of 1st period - Andreas Athanasiou is hit by Connor Murphy and loses puck.
Goals for this period are 1 for SAN DIEGO THUNDER vs 2 for PHOENIX MUSTANGS.
Shots for this period are 8 for SAN DIEGO THUNDER vs 13 for PHOENIX MUSTANGS.

2nd period


0:01 of 2nd period - Eetu Luostarinen wins face-off versus Juuso Parssinen in neutral zone.
0:08 of 2nd period - Shot by Drake Batherson.
0:08 of 2nd period - Shot Misses the Net.
0:24 of 2nd period - Shot by Juuso Parssinen.
0:24 of 2nd period - Stopped by Connor Hellebuyck without a rebound.
0:25 of 2nd period - Radek Faksa wins face-off versus Andreas Athanasiou in SAN DIEGO THUNDER zone.
0:54 of 2nd period - Shot by Luke Kunin.
0:54 of 2nd period - Shot Blocked by Ilya Lyubushkin.
1:22 of 2nd period - Icing by Radek Faksa.
1:23 of 2nd period - Radek Faksa wins face-off versus Juuso Parssinen in SAN DIEGO THUNDER zone.
1:27 of 2nd period - Off-side.
1:28 of 2nd period - Eetu Luostarinen wins face-off versus Jesper Fast in neutral zone.
2:03 of 2nd period - Shot by Conor Garland.
2:03 of 2nd period - Shot Misses the Net.
2:05 of 2nd period - Shot by John Klingberg.
2:05 of 2nd period - Shot Blocked by Erik Cernak.
2:07 of 2nd period - Shot by John Klingberg.
2:07 of 2nd period - Shot Misses the Net.
2:43 of 2nd period - Shot by Mike Sgarbossa.
2:43 of 2nd period - Stopped by Connor Hellebuyck without a rebound.
2:44 of 2nd period - Andreas Athanasiou wins face-off versus Joel Armia in SAN DIEGO THUNDER zone.
2:45 of 2nd period - Shot by Conor Sheary.
2:45 of 2nd period - Stopped by Connor Hellebuyck without a rebound.
2:46 of 2nd period - Andreas Athanasiou wins face-off versus Radek Faksa in SAN DIEGO THUNDER zone.
2:53 of 2nd period - Shot by Andreas Athanasiou.
2:53 of 2nd period - Stopped by Connor Hellebuyck without a rebound.
2:54 of 2nd period - Juuso Parssinen wins face-off versus Wyatt Johnston in SAN DIEGO THUNDER zone.
3:20 of 2nd period - Icing by Derek Forbort.
3:21 of 2nd period - Mike Sgarbossa wins face-off versus Wyatt Johnston in SAN DIEGO THUNDER zone.
3:26 of 2nd period - Shot by Arthur Kaliyev.
3:26 of 2nd period - Shot Blocked by Derek Forbort.
3:28 of 2nd period - Shot by John Klingberg.
3:28 of 2nd period - Stopped by Connor Hellebuyck with a rebound.
3:41 of 2nd period - Shot by Arthur Kaliyev.
3:41 of 2nd period - Stopped by Connor Hellebuyck without a rebound.
3:42 of 2nd period - Andreas Athanasiou wins face-off versus Eetu Luostarinen in SAN DIEGO THUNDER zone.
3:47 of 2nd period - Shot by Taylor Hall.
3:47 of 2nd period - Goal by Taylor Hall - SAN DIEGO THUNDER : 1 - PHOENIX MUSTANGS : 3.
3:48 of 2nd period - Eetu Luostarinen wins face-off versus Andreas Athanasiou in neutral zone.
4:11 of 2nd period - Conor Sheary is hit by Eetu Luostarinen and loses puck.
4:47 of 2nd period - Shot by Radek Faksa.
4:47 of 2nd period - Stopped by Jake Allen with a rebound.
4:49 of 2nd period - Shot by Radek Faksa.
4:49 of 2nd period - Goal by Radek Faksa - SAN DIEGO THUNDER : 2 - PHOENIX MUSTANGS : 3.
4:50 of 2nd period - Juuso Parssinen wins face-off versus Wyatt Johnston in neutral zone.
5:16 of 2nd period - Juuso Parssinen is hit by Nicklaus Perbix.
5:48 of 2nd period - Shot by Arthur Kaliyev.
5:48 of 2nd period - Stopped by Connor Hellebuyck without a rebound.
5:49 of 2nd period - Mike Sgarbossa wins face-off versus Eetu Luostarinen in SAN DIEGO THUNDER zone.
6:10 of 2nd period - Shot by Eetu Luostarinen.
6:10 of 2nd period - Deflect By Drake Batherson.
6:10 of 2nd period - Stopped by Jake Allen without a rebound.
6:11 of 2nd period - Radek Faksa wins face-off versus Andreas Athanasiou in PHOENIX MUSTANGS zone.
6:41 of 2nd period - Icing by Conor Sheary.
6:42 of 2nd period - Andreas Athanasiou wins face-off versus Eetu Luostarinen in PHOENIX MUSTANGS zone.
6:42 of 2nd period - Taylor Hall is hit by Joel Farabee and loses puck.
7:15 of 2nd period - Shot by Eetu Luostarinen.
7:15 of 2nd period - Deflect By Drake Batherson.
7:15 of 2nd period - Shot Blocked by Ilya Lyubushkin.
7:17 of 2nd period - Shot by Joel Farabee.
7:17 of 2nd period - Shot Misses the Net.
8:00 of 2nd period - Shot by Wyatt Johnston.
8:00 of 2nd period - Shot Misses the Net.
8:02 of 2nd period - Shot by Adam Boqvist.
8:02 of 2nd period - Shot Blocked by John Klingberg.
8:04 of 2nd period - Shot by Adam Boqvist.
8:04 of 2nd period - Shot Misses the Net.
8:09 of 2nd period - Minor Penalty to Matt Irwin for Roughing.
8:10 of 2nd period - Wyatt Johnston wins face-off versus Chris Terry in PHOENIX MUSTANGS zone.
8:11 of 2nd period - Shot by Connor Murphy.
8:11 of 2nd period - Stopped by Jake Allen without a rebound.
8:12 of 2nd period - Chris Terry wins face-off versus Drake Batherson in PHOENIX MUSTANGS zone.
8:45 of 2nd period - Shot by Dmitri Voronkov.
8:45 of 2nd period - Shot Misses the Net.
8:47 of 2nd period - Shot by Dmitri Voronkov.
8:47 of 2nd period - Stopped by Jake Allen without a rebound.
8:48 of 2nd period - Taylor Hall wins face-off versus Wyatt Johnston in PHOENIX MUSTANGS zone.
8:48 of 2nd period - Taylor Hall is hit by Erik Cernak.
8:57 of 2nd period - Off-side.
8:58 of 2nd period - Taylor Hall wins face-off versus Filip Zadina in neutral zone.
9:26 of 2nd period - Shot by Charles McAvoy.
9:26 of 2nd period - Shot Misses the Net.
10:23 of 2nd period - Adam Boqvist is hit by Arthur Kaliyev and loses puck.
11:03 of 2nd period - Off-side.
11:04 of 2nd period - Eetu Luostarinen wins face-off versus Jesper Fast in neutral zone.
11:09 of 2nd period - Icing by Juuso Parssinen.
11:10 of 2nd period - Juuso Parssinen wins face-off versus Eetu Luostarinen in PHOENIX MUSTANGS zone.
11:10 of 2nd period - Juuso Parssinen is hit by Drake Batherson.
11:17 of 2nd period - Minor Penalty to Erik Cernak for Tripping.
11:18 of 2nd period - Andreas Athanasiou wins face-off versus Dmitri Voronkov in SAN DIEGO THUNDER zone.
11:49 of 2nd period - Shot by Conor Sheary.
11:49 of 2nd period - Shot Blocked by Connor Murphy.
11:51 of 2nd period - Shot by Gavin Bayreuther.
11:51 of 2nd period - Stopped by Connor Hellebuyck with a rebound.
11:53 of 2nd period - Shot by Gavin Bayreuther.
11:53 of 2nd period - Shot Misses the Net.
11:55 of 2nd period - Shot by Conor Sheary.
11:55 of 2nd period - Stopped by Connor Hellebuyck without a rebound.
11:56 of 2nd period - Juuso Parssinen wins face-off versus Joel Farabee in SAN DIEGO THUNDER zone.
12:15 of 2nd period - Shot by Jesper Fast.
12:15 of 2nd period - Stopped by Connor Hellebuyck without a rebound.
12:16 of 2nd period - Andreas Athanasiou wins face-off versus Joel Farabee in SAN DIEGO THUNDER zone.
12:32 of 2nd period - Icing by Taylor Hall.
12:33 of 2nd period - Andreas Athanasiou wins face-off versus Dmitri Voronkov in PHOENIX MUSTANGS zone.
12:42 of 2nd period - Shot by John Klingberg.
12:42 of 2nd period - Stopped by Connor Hellebuyck without a rebound.
12:43 of 2nd period - Dmitri Voronkov wins face-off versus Juuso Parssinen in SAN DIEGO THUNDER zone.
12:49 of 2nd period - Icing by Jesper Fast.
12:50 of 2nd period - Juuso Parssinen wins face-off versus Dmitri Voronkov in PHOENIX MUSTANGS zone.
13:13 of 2nd period - Joel Farabee is hit by Gavin Bayreuther and loses puck.
13:24 of 2nd period - Shot by Joel Armia.
13:24 of 2nd period - Shot Misses the Net.
14:16 of 2nd period - Icing by Andreas Athanasiou.
14:17 of 2nd period - Andreas Athanasiou wins face-off versus Wyatt Johnston in PHOENIX MUSTANGS zone.
14:17 of 2nd period - Andreas Athanasiou is hit by Dmitri Voronkov.
14:20 of 2nd period - Taylor Hall is hit by Dmitri Voronkov and loses puck.
14:21 of 2nd period - Minor Penalty to Dmitri Voronkov for Boarding.
14:22 of 2nd period - Eetu Luostarinen wins face-off versus Juuso Parssinen in SAN DIEGO THUNDER zone.
14:42 of 2nd period - Shot by Matt Irwin.
14:42 of 2nd period - Shot Blocked by Charles McAvoy.
14:44 of 2nd period - Shot by Conor Garland.
14:44 of 2nd period - Shot Blocked by Erik Cernak.
14:46 of 2nd period - Shot by John Klingberg.
14:46 of 2nd period - Shot Misses the Net.
14:48 of 2nd period - Shot by Jesper Fast.
14:48 of 2nd period - Stopped by Connor Hellebuyck without a rebound.
14:49 of 2nd period - Conor Garland wins face-off versus Eetu Luostarinen in SAN DIEGO THUNDER zone.
14:50 of 2nd period - Shot by Juuso Parssinen.
14:50 of 2nd period - Deflect By Conor Garland.
14:50 of 2nd period - Stopped by Connor Hellebuyck without a rebound.
14:51 of 2nd period - Juuso Parssinen wins face-off versus Eetu Luostarinen in SAN DIEGO THUNDER zone.
15:18 of 2nd period - Off-side.
15:19 of 2nd period - Andreas Athanasiou wins face-off versus Isac Lundestrom in neutral zone.
15:26 of 2nd period - Shot by Taylor Hall.
15:26 of 2nd period - Stopped by Connor Hellebuyck without a rebound.
15:27 of 2nd period - Andreas Athanasiou wins face-off versus Eetu Luostarinen in SAN DIEGO THUNDER zone.
16:44 of 2nd period - Icing by T.J. Brodie.
16:45 of 2nd period - Eetu Luostarinen wins face-off versus Mike Sgarbossa in PHOENIX MUSTANGS zone.
17:18 of 2nd period - Shot by Eetu Luostarinen.
17:18 of 2nd period - Stopped by Jake Allen without a rebound.
17:19 of 2nd period - Wyatt Johnston wins face-off versus Juuso Parssinen in PHOENIX MUSTANGS zone.
17:24 of 2nd period - Shot by Dmitri Voronkov.
17:24 of 2nd period - Stopped by Jake Allen without a rebound.
17:25 of 2nd period - Juuso Parssinen wins face-off versus Wyatt Johnston in PHOENIX MUSTANGS zone.
17:59 of 2nd period - Icing by Jesper Fast.
18:00 of 2nd period - Eetu Luostarinen wins face-off versus Juuso Parssinen in PHOENIX MUSTANGS zone.
18:13 of 2nd period - Shot by Jesper Fast.
18:13 of 2nd period - Shot Misses the Net.
18:25 of 2nd period - Ilya Lyubushkin is hit by Joel Farabee and loses puck.
18:47 of 2nd period - Shot by Taylor Hall.
18:47 of 2nd period - Stopped by Connor Hellebuyck without a rebound.
18:48 of 2nd period - Radek Faksa wins face-off versus Mike Sgarbossa in SAN DIEGO THUNDER zone.
19:02 of 2nd period - Mike Sgarbossa is hit by Derek Forbort and loses puck.
19:08 of 2nd period - Arthur Kaliyev is hit by Connor Murphy and loses puck.
19:11 of 2nd period - Shot by Arthur Kaliyev.
19:11 of 2nd period - Shot Misses the Net.
Goals for this period are 1 for SAN DIEGO THUNDER vs 1 for PHOENIX MUSTANGS.
Shots for this period are 7 for SAN DIEGO THUNDER vs 16 for PHOENIX MUSTANGS.

3rd period


0:01 of 3rd period - Juuso Parssinen wins face-off versus Eetu Luostarinen in neutral zone.
0:07 of 3rd period - Juuso Parssinen is hit by Erik Cernak and loses puck.
1:15 of 3rd period - Off-side.
1:16 of 3rd period - Radek Faksa wins face-off versus Jonathan Miller in neutral zone.
1:46 of 3rd period - Jonathan Miller is hit by Luke Kunin and loses puck.
2:22 of 3rd period - Shot by Juuso Parssinen.
2:22 of 3rd period - Stopped by Connor Hellebuyck without a rebound.
2:23 of 3rd period - Juuso Parssinen wins face-off versus Mark Kastelic in SAN DIEGO THUNDER zone.
3:28 of 3rd period - Minor Penalty to Ilya Lyubushkin for Interference.
3:29 of 3rd period - Taylor Hall wins face-off versus Drake Batherson in PHOENIX MUSTANGS zone.
3:38 of 3rd period - Icing by Dmitri Voronkov.
3:39 of 3rd period - Taylor Hall wins face-off versus Drake Batherson in SAN DIEGO THUNDER zone.
4:57 of 3rd period - Shot by Charles McAvoy.
4:57 of 3rd period - Shot Misses the Net.
5:23 of 3rd period - Shot by Andreas Athanasiou.
5:23 of 3rd period - Stopped by Connor Hellebuyck with a rebound.
5:25 of 3rd period - Shot by T.J. Brodie.
5:25 of 3rd period - Shot Misses the Net.
5:27 of 3rd period - Shot by Jesper Fast.
5:27 of 3rd period - Stopped by Connor Hellebuyck without a rebound.
5:28 of 3rd period - Mark Kastelic wins face-off versus Mike Sgarbossa in SAN DIEGO THUNDER zone.
6:02 of 3rd period - Shot by Steven Lorentz.
6:02 of 3rd period - Stopped by Jake Allen with a rebound.
6:25 of 3rd period - Shot by Isac Lundestrom.
6:25 of 3rd period - Shot Blocked by Ilya Lyubushkin.
6:27 of 3rd period - Shot by Radek Faksa.
6:27 of 3rd period - Goal by Radek Faksa - SAN DIEGO THUNDER : 3 - PHOENIX MUSTANGS : 3.
6:28 of 3rd period - Andreas Athanasiou wins face-off versus Eetu Luostarinen in neutral zone.
6:40 of 3rd period - T.J. Brodie is hit by Eetu Luostarinen and loses puck.
6:52 of 3rd period - Shot by Charles McAvoy.
6:52 of 3rd period - Shot Blocked by T.J. Brodie.
6:54 of 3rd period - Shot by Eetu Luostarinen.
6:54 of 3rd period - Shot Blocked by Conor Sheary.
6:56 of 3rd period - Shot by Joel Farabee.
6:56 of 3rd period - Shot Misses the Net.
7:00 of 3rd period - Shot by Eetu Luostarinen.
7:00 of 3rd period - Shot Blocked by T.J. Brodie.
7:02 of 3rd period - Shot by Erik Cernak.
7:02 of 3rd period - Stopped by Jake Allen without a rebound.
7:03 of 3rd period - Juuso Parssinen wins face-off versus Wyatt Johnston in PHOENIX MUSTANGS zone.
7:16 of 3rd period - Shot by Conor Garland.
7:16 of 3rd period - Stopped by Connor Hellebuyck without a rebound.
7:17 of 3rd period - Radek Faksa wins face-off versus Jonathan Miller in SAN DIEGO THUNDER zone.
7:41 of 3rd period - Jonathan Miller is hit by Adam Boqvist and loses puck.
8:31 of 3rd period - Icing by Drake Batherson.
8:32 of 3rd period - Eetu Luostarinen wins face-off versus Juuso Parssinen in SAN DIEGO THUNDER zone.
8:32 of 3rd period - Drake Batherson is hit by Jesper Fast.
8:52 of 3rd period - Joel Farabee is hit by Juuso Parssinen and loses puck.
9:32 of 3rd period - Off-side.
9:33 of 3rd period - Radek Faksa wins face-off versus Arthur Kaliyev in neutral zone.
9:49 of 3rd period - Minor Penalty to Charles McAvoy for Hooking.
9:50 of 3rd period - Dmitri Voronkov wins face-off versus Conor Sheary in SAN DIEGO THUNDER zone.
9:59 of 3rd period - Shot by Taylor Hall.
9:59 of 3rd period - Stopped by Connor Hellebuyck without a rebound.
10:00 of 3rd period - Dmitri Voronkov wins face-off versus Andreas Athanasiou in SAN DIEGO THUNDER zone.
10:21 of 3rd period - Shot by Andreas Athanasiou.
10:21 of 3rd period - Shot Hit the Post.
11:16 of 3rd period - Off-side.
11:17 of 3rd period - Dmitri Voronkov wins face-off versus Juuso Parssinen in neutral zone.
12:04 of 3rd period - Shot by Steven Lorentz.
12:04 of 3rd period - Stopped by Jake Allen without a rebound.
12:05 of 3rd period - Andreas Athanasiou wins face-off versus Eetu Luostarinen in PHOENIX MUSTANGS zone.
13:50 of 3rd period - Shot by Luke Kunin.
13:50 of 3rd period - Shot Misses the Net.
13:52 of 3rd period - Shot by Luke Kunin.
13:52 of 3rd period - Shot Misses the Net.
13:54 of 3rd period - Shot by Luke Kunin.
13:54 of 3rd period - Shot Blocked by Matt Irwin.
13:56 of 3rd period - Shot by Luke Kunin.
13:56 of 3rd period - Stopped by Jake Allen without a rebound.
13:57 of 3rd period - Juuso Parssinen wins face-off versus Mark Kastelic in PHOENIX MUSTANGS zone.
13:57 of 3rd period - Juuso Parssinen is hit by Mark Kastelic.
14:24 of 3rd period - Off-side.
14:25 of 3rd period - Eetu Luostarinen wins face-off versus Mike Sgarbossa in neutral zone.
14:28 of 3rd period - T.J. Brodie is hit by Drake Batherson and loses puck.
14:36 of 3rd period - Eetu Luostarinen is hit by Xavier Ouellet and loses puck.
14:57 of 3rd period - Eetu Luostarinen is hit by T.J. Brodie and loses puck.
16:50 of 3rd period - Luke Kunin is hit by Jesper Fast and loses puck.
17:32 of 3rd period - Icing by Erik Cernak.
17:33 of 3rd period - Radek Faksa wins face-off versus Andreas Athanasiou in SAN DIEGO THUNDER zone.
17:37 of 3rd period - Off-side.
17:38 of 3rd period - Andreas Athanasiou wins face-off versus Eetu Luostarinen in neutral zone.
17:43 of 3rd period - Shot by Conor Sheary.
17:43 of 3rd period - Shot Blocked by Connor Murphy.
17:45 of 3rd period - Shot by T.J. Brodie.
17:45 of 3rd period - Shot Misses the Net.
17:53 of 3rd period - Shot by Eetu Luostarinen.
17:53 of 3rd period - Shot Misses the Net.
18:15 of 3rd period - Shot by Eetu Luostarinen.
18:15 of 3rd period - Stopped by Jake Allen with a rebound.
19:05 of 3rd period - Minor Penalty to Nicklaus Perbix for Slashing.
19:06 of 3rd period - Dmitri Voronkov wins face-off versus Juuso Parssinen in SAN DIEGO THUNDER zone.
19:28 of 3rd period - Icing by Jesper Fast.
19:29 of 3rd period - Jesper Fast wins face-off versus Dmitri Voronkov in PHOENIX MUSTANGS zone.
Goals for this period are 1 for SAN DIEGO THUNDER vs 0 for PHOENIX MUSTANGS.
Shots for this period are 6 for SAN DIEGO THUNDER vs 5 for PHOENIX MUSTANGS.

Overtime #1


0:01 of 1st overtime period - Eetu Luostarinen wins face-off versus Taylor Hall in neutral zone.
0:12 of 1st overtime period - Shot by Taylor Hall.
0:12 of 1st overtime period - Stopped by Connor Hellebuyck without a rebound.
0:13 of 1st overtime period - Eetu Luostarinen wins face-off versus Taylor Hall in SAN DIEGO THUNDER zone.
1:06 of 1st overtime period - Shot by Eetu Luostarinen.
1:06 of 1st overtime period - Goal by Eetu Luostarinen - SAN DIEGO THUNDER : 4 - PHOENIX MUSTANGS : 3.
Goals for this period are 1 for SAN DIEGO THUNDER vs 0 for PHOENIX MUSTANGS.
Shots for this period are 1 for SAN DIEGO THUNDER vs 1 for PHOENIX MUSTANGS.


BLAKE
WHEELER
STEVEN
STAMKOS
DREW
DOUGHTY

EAST COAST

HOCKEY LEAGUE

  • 63.RHI2PIT5
  • 64.WOR4ATL3
  • 65.QUECHW
  • 66.CHATRV